 Dungeon Crawl Stone Soup version 0.27.0-1-g7a089689b8 (webtiles) character file.

Game seed: 10137656322559524649

69 Spectrina the Magician (level 4, -5/27 HPs)
             Began as a Deep Elf Monk on Aug 6, 2021.
             Slain by an iguana (7 damage)
             ... on level 5 of the Dungeon.
             The game lasted 00:08:32 (1124 turns).

Spectrina the Magician (Deep Elf Monk)              Turns: 1124, Time: 00:08:33

Health: -5/27      AC:  3    Str:  8    XL:     4   Next: 2%
Magic:  12/12      EV: 13    Int: 16    God:
Gold:   60         SH:  0    Dex: 17    Spells: 12/12 levels left

rFire    . . .     SeeInvis .   b - +0 quarterstaff
rCold    . . .     Faith    .   (shield currently unavailable)
rNeg     . . .     Spirit   .   c - +0 robe
rPois    .         Reflect  .   m - +0 helmet
rElec    .         Harm     .   (no cloak)
rCorr    .         Rampage  .   (no gloves)
Will     .....                  (no boots)
Stlth    ++........             d - amulet of regeneration
HPRegen  1.09/turn              (no ring)
MPRegen  0.13/turn              (no ring)

@: mighty
A: no striking features
a: no special abilities


You were on level 5 of the Dungeon.
You visited 1 branch of the dungeon, and saw 5 of its levels.

You collected 60 gold pieces.

Inventory:

Hand Weapons
 a - a +0 dagger
 b - a +0 quarterstaff (weapon)
 h - a +0 short sword
Missiles
 f - 11 poisoned darts (quivered)
 g - 34 stones
 k - 24 bolts
Armour
 c - a +0 robe (worn)
 m - a +0 helmet (worn)
Jewellery
 d - an amulet of regeneration (around neck)
Wands
 n - a wand of flame (24)
Scrolls
 e - a scroll of magic mapping {unknown}
Potions
 i - a potion of attraction {unknown}


   Skills:
 - Level 2.4 Fighting
 - Level 3.0 Short Blades
 - Level 3.6 Dodging
 - Level 2.4 Stealth
 + Level 4.9 Spellcasting


You had 12 spell levels left.
You didn't know any spells.
Your spell library was empty.

Dungeon Overview and Level Annotations

Branches:
Dungeon (5/15)
 Temple: D:4-7

Altars:

Annotations:
D:2 Sigmund


Message History

You hit the dart slug.
The dart slug is moderately wounded.
The dart slug barely misses you.
You hit the dart slug.
The dart slug is severely wounded.
The dart slug launches a dart at you. The slug dart hits you.
You hit the dart slug.
You kill the dart slug!
You have reached level 4!
You feel clever.
Found a robe.
Unknown command.
Found 9 sling bullets.
An iguana and a quokka come into view.
An iguana and a sky beast come into view.
The iguana hisses angrily.
The iguana hisses menacingly.
Okay, then.
As you read the scroll labelled VAFOSO SEARAW, it crumbles to dust.
It is a scroll of amnesia.
You feel forgetful for a moment.
You barely miss the iguana. The iguana bites you.
You closely miss the iguana. The iguana barely misses you.
The iguana misses you.
You hit the iguana.
The iguana is lightly wounded.
The iguana barely misses you.
You hit the iguana.
The iguana is heavily wounded.
The iguana bites you!
It was a potion of might.
You feel very mighty all of a sudden. The iguana bites you.
You hit the iguana.
The iguana is severely wounded.
The iguana bites you!
* * * LOW HITPOINT WARNING * * *
The iguana bites you!
You die...

......... ......... #........
#........ #........ #.......#
#.# # ####.## ## #######.@ll.##
r .########.......###..# ..
...................#.## ###...
..######...........##.###......
.## ##.........####.#....... .#
##.......## #......(.. ##
###...### ##..l..... # #...#
##....... #[..# .......


You could see 2 iguanas.

Vanquished Creatures
  3 adders
  A worm (D:2)
  An adder skeleton (D:4)
  2 dart slugs
  2 bats
  2 endoplasms
  2 giant cockroaches (D:2)
  3 goblins
  A hobgoblin (D:2)
  4 jackals (D:2)
  A kobold (D:2)
  3 quokkas
  2 ball pythons (D:4)
  4 frilled lizards
31 creatures vanquished.

Notes
Turn   | Place    | Note
-------+----------+-------------------------------------------
     0 | D:1      | Spectrina the Deep Elf Monk began the quest for the Orb.
     0 | D:1      | Reached XP level 1. HP: 13/13 MP: 3/3
    76 | D:2      | Noticed Sigmund
    86 | D:2      | Reached skill level 2 in Spellcasting
    86 | D:2      | Reached XP level 2. HP: 4/18 MP: 5/7
   280 | D:2      | Reached skill level 3 in Spellcasting
   445 | D:2      | Reached XP level 3. HP: 9/22 MP: 10/10
   544 | D:3      | Reached skill level 4 in Spellcasting
   953 | D:5      | Entered Level 5 of the Dungeon
   953 | D:5      | Noticed a phantom
  1071 | D:5      | Reached XP level 4. HP: 23/27 MP: 12/12
  1114 | D:5      | Noticed a sky beast
  1124 | D:5      | Slain by an iguana

Illustrated notes

Levels and vault maps discovered:
D:1:      wander_arrival_lonely_grave, layout_basic,
          ebering_ecumenical_altar_sacrificial
D:2:      layout_rooms, minmay_pentomino_s2, uniq_sigmund
D:3:      layout_loops_ring, uniq_robin
D:4:      layout_loops_ring, kennysheep_generic_room_6
D:5:      layout_cave_pods

Skill      XL: |  1  2  3 |
---------------+----------+-----
Spellcasting   | 2 3 4 |  4.9
Fighting       | |  2.4
Short Blades   | |  3.0
Dodging        | |  3.6
Stealth        | |  2.4

Action                   |  1- 3 |  4- 6 || total
-------------------------+-------+-------++-------
Melee: Short sword       |    10 |       ||    10
       Quarterstaff      |    83 |     5 ||    88
       Dagger            |     2 |       ||     2
Throw: Dart              |    25 |       ||    25
  Use: Scroll            |     1 |     1 ||     2
       Potion            |       |     1 ||     1
 Stab: Sleeping          |     4 |       ||     4
Armor: Robe              |    14 |       ||    14
Dodge: Dodged            |    74 |     3 ||    77
